 Dungeon Crawl Stone Soup version 0.32-a0-711-g016ad743e0 (webtiles) character file.

Game seed: 17329183917619895240

1637346 ragingrage the Coglin Blade (level 27, 229/229 HPs)
             Began as a Coglin Wanderer on Mar 16, 2024.
             Was the Champion of Wu Jian.
             Escaped with the Orb
             ... and 3 runes!
             The game lasted 02:14:23 (72068 turns).

ragingrage the Coglin Blade (Coglin Wanderer)      Turns: 72068, Time: 02:14:23

Health: 229/229    AC: 31    Str: 12    XL:     27
Magic:  33/33      EV: 30    Int: 15    God:    Wu Jian [******]
Gold:   6434       SH:  0    Dex: 30    Spells: 19/40 levels left

rFire   + . .        W - +9 demon blade (freeze) {Pancho}
rCold   + + .        E - +10 double sword "Zuruudd" {drain, rC++ Str+2 Dex+3 Stlth-}
rNeg    . . .        M - +8 ring mail of the Breathing Gods {rC+ Will+}
rPois   +            u - +2 helmet
rElec   .            T - +2 cloak "Olelam" {Rampage rPois rC- Will++}
rCorr   .            c - +2 pair of gloves
SInv    +            i - +2 pair of boots
Will    +++++        (amulet unavailable)
Stlth   ++           (ring unavailable)
HPRegen 2.18/turn    (ring unavailable)
MPRegen 0.63/turn    j - megadynamo Mk.2 {rF+ Will+ Regen+ RegenMP+}

%: rampage
@: studying Stealth
A: off-hand wielding, slow wielding, warmup strikes, no jewellery, iridescent
scales 1, see invisible, regeneration 1
0: Orb of Zot
}: 3/15 runes: decaying, serpentine, silver
a: Renounce Religion, Wall Jump, Serpent's Lash, Heavenly Storm


You escaped.
You worshipped Wu Jian.
Wu Jian was exalted by your worship.
You visited 10 branches of the dungeon, and saw 48 of its levels.
You visited 1 bazaar.
You also visited: Bailey and Ice Cave.

You collected 9091 gold pieces.
You spent 2657 gold pieces at shops.

Inventory:

Hand Weapons
 E - the +10 double sword "Zuruudd" (offhand) {drain, rC++ Str+2 Dex+3 Stlth-}
   (You acquired it on level 1 of the Realm of Zot)

   Str+2:     It affects your strength (+2).
   Dex+3:     It affects your dexterity (+3).
   rC++:      It greatly protects you from cold.
   Stlth-:    It makes you less stealthy.
 W - a +9 demon blade of freezing (weapon) {Pancho}
Missiles
 D - 12 curare-tipped darts (quivered)
 F - 2 poisoned darts
 I - 4 datura-tipped darts
 O - 3 throwing nets
Armour
 b - the +4 dragonskin cloak {Aegis}
   (You took it off Tiamat on level 5 of the Realm of Zot)

   Avatar's Aegis: It grants the wearer a chance to resist fire, cold, poison,
   electricity, acid, and negative energy.
 c - a +2 pair of gloves (worn)
 i - a +2 pair of boots (worn)
 u - a +2 helmet (worn)
 M - the +8 ring mail of the Breathing Gods (worn) {rC+ Will+}
   (You found it on level 5 of the Lair of Beasts)

   rC+:       It protects you from cold.
   Will+:     It increases your willpower.
 T - the +2 cloak "Olelam" (worn) {Rampage rPois rC- Will++}
   (You found it on level 1 of the Swamp)

   rC-:       It makes you vulnerable to cold.
   rPois:     It protects you from poison.
   Will++:    It greatly increases your willpower.
   Rampage:   It bestows one free step when moving towards enemies.
Gizmo
 j - a megadynamo Mk.2 (installed) {rF+ Will+ Regen+ RegenMP+}
   (You invented it yourself on level 4 of the Lair of Beasts)

   [megadynamo Mk.2]

   rF+:       It protects you from fire.
   Will+:     It increases your willpower.
   Regen+:    It increases your rate of health regeneration.
   RegenMP+:  It increases your rate of magic regeneration.
Wands
 o - a wand of digging (18)
 v - a wand of polymorph (14)
 w - a wand of iceblast (37)
 x - a wand of quicksilver (28)
 S - a wand of mindburst (40)
 V - a wand of charming (37)
Scrolls
 a - 9 scrolls of immolation
 f - 2 scrolls of summoning
 h - 5 scrolls of fear
 k - 3 scrolls of silence
 m - 5 scrolls of amnesia
 p - 6 scrolls of torment
 q - 13 scrolls of teleportation
 s - 5 scrolls of vulnerability
 A - 9 scrolls of fog
 B - 4 scrolls of poison
 G - 3 scrolls of blinking
 L - 6 scrolls of noise
 Q - 2 scrolls of revelation
Potions
 e - 5 potions of invisibility
 g - 6 potions of resistance
 l - 19 potions of curing
 n - 7 potions of attraction
 r - 6 potions of haste
 y - 6 potions of brilliance
 z - 11 potions of enlightenment
 C - 4 potions of cancellation
 H - 8 potions of heal wounds
 K - 8 potions of berserk rage
 N - 8 potions of lignification
 P - 5 potions of might
 R - 4 potions of ambrosia
 U - 5 potions of mutation
 X - 9 potions of magic
Miscellaneous
 d - a tin of tremorstones (2/2)
 t - a phantom mirror
 J - a sack of spiders
 Y - a phial of floods
 Z - a lightning rod (4/4)


   Skills:
 + Level 21.5 Fighting
 - Level 1.9(13.5) Short Blades
 - Level 21.9(22.0) Long Blades
 - Level 4.0 Staves
 - Level 6.0 Throwing
 - Level 11.0 Armour
 + Level 21.2 Dodging
 - Level 12.0 Stealth
 - Level 7.0 Spellcasting
 - Level 9.0 Conjurations
 - Level 8.1 Necromancy
 - Level 11.0 Translocations
 - Level 6.0 Air Magic
 - Level 6.0 Earth Magic
 - Level 13.0 Alchemy
 - Level 1.0 Invocations
 - Level 20.0 Evocations


You had 19 spell levels left.
You knew the following spells:

 Your Spells              Type           Power      Damage    Failure   Level
a - Fugue of the Fallen   Necr           29%        N/A       2%          3
b - Irradiate             Conj/Alch      19%        3d18      8%          5
c - Blink                 Tloc           76%        N/A       1%          2
e - Vhi's Electric Charg  Tloc/Air       60%        N/A       8%          4
f - Passage of Golubria   Tloc           38%        N/A       2%          4
g - Passwall              Erth           23%        N/A       6%          3

Your spell library contained the following spells:

 Spells                   Type           Power      Damage    Failure   Level
 Apportation              Tloc           76%        N/A       1%          1
 Kiss of Death            Conj/Necr      100%       2d13      1%          1
 Magic Dart               Conj           100%       1d8       1%          1
 Necrotise                Necr           100%       1d9       1%          1
 Sandblast                Erth           46%        2d11      1%          1
 Shock                    Conj/Air       100%       1d9       1%          1
 Sting                    Conj/Alch      100%       1d9       1%          1
 Mercury Vapours          Alch/Air       66%        N/A       1%          2
 Gell's Gravitas          Tloc           38%        N/A       1%          3
 Mephitic Cloud           Conj/Alch/Air  33%        N/A       1%          3
 Teleport Other           Tloc           38%        N/A       1%          3
 Olgreb's Toxic Radiance  Alch           44%        N/A       1%          4
 Vampiric Draining        Necr           29%        2d8       2%          3
 Fulminant Prism          Conj/Alch      19%        3d11      2%          4
 Stone Arrow              Conj/Erth      54%        3d10      3%          3
 Alistair's Intoxication  Alch           29%        N/A       3%          5
 Iskenderun's Mystic Bla  Conj/Tloc      35%        2d8       4%          4
 Swiftness                Air            23%        N/A       6%          3
 Volatile Blastmotes      Fire/Tloc      42%        2d13      8%          3
 Dispel Undead            Necr           29%        3d13      9%          4
 Brom's Barrelling Bould  Conj/Erth      27%        2d5       11%         4
 Dazzling Flash           Conj/Hex       36%        N/A       12%         3
 Sticky Flame             Fire/Alch      24%        2d6       17%         4
 Eringya's Noxious Bog    Alch           22%        4d6       19%         6
 Freeze                   Ice            20%        1d4       24%         1
 Curse of Agony           Necr           29%        N/A       24%         5
 Dimensional Bullseye     Hex/Tloc       10%        N/A       26%         4
 Arcjolt                  Conj/Air       13%        1d23      30%         5
 Call Imp                 Summ           10%        N/A       36%         2
 Ensorcelled Hibernation  Hex/Ice        10%        N/A       36%         2
 Jinxbite                 Hex            10%        N/A       36%         2
 Scorch                   Fire           10%        2d5       36%         2
 Flame Wave               Conj/Fire      18%        2d7       36%         4
 Dispersal                Tloc           19%        N/A       38%         6
 Anguish                  Hex/Necr       8%         N/A       43%         4
 Martyr's Knell           Necr/Summ      17%        N/A       43%         4
 Yara's Violent Unravell  Hex/Alch       12%        3d7       43%         5
 Animate Armour           Summ/Erth      28%        N/A       56%         4
 Summon Forest            Summ/Tloc      10%        N/A       56%         5
 Call Canine Familiar     Summ           5%         N/A       58%         3
 Confusing Touch          Hex            5%         N/A       58%         3
 Frozen Ramparts          Ice            10%        1d2       58%         3
 Inner Flame              Hex/Fire       5%         N/A       58%         3
 Ozocubu's Armour         Ice            5%         N/A       58%         3
 Sigil of Binding         Hex            5%         N/A       58%         3
 Summon Ice Beast         Ice/Summ       5%         N/A       58%         3
 Tukima's Dance           Hex            5%         N/A       58%         3
 Freezing Cloud           Conj/Ice/Air   10%        6-21      65%         5
 Conjure Ball Lightning   Conj/Air       13%        3x3d6     86%         6
 Summon Blazeheart Golem  Fire/Summ      5%         N/A       94%         4
 Starburst                Conj/Fire      9%         6d5       99%         6
 Orb of Destruction       Conj           16%        9d7       99%         7
 Metabolic Englaciation   Hex/Ice        2%         N/A       100%        5
 Summon Mana Viper        Hex/Summ       5%         N/A       100%        5
 Permafrost Eruption      Ice/Erth       7%         2x4d3     100%        6
 Summon Cactus Giant      Summ           2%         N/A       100%        6
 Haunt                    Necr/Summ      8%         N/A       100%        7
 Malign Gateway           Summ/Tloc      10%        N/A       100%        7
 Monstrous Menagerie      Summ           2%         N/A       100%        7
 Ozocubu's Refrigeration  Ice            2%         4d8       100%        7
 Spellforged Servitor     Conj/Summ      9%         N/A       100%        7
 Summon Hydra             Summ           2%         N/A       100%        7
 Borgnjor's Revivificati  Necr           14%        N/A       100%        8
 Discord                  Hex            2%         N/A       100%        8
 Disjunction              Tloc           19%        N/A       100%        8
 Ignition                 Fire           2%         3d3       100%        8
 Infestation              Necr           14%        N/A       100%        8
 Lehudib's Crystal Spear  Conj/Erth      13%        10d5      100%        8
 Maxwell's Capacitive Co  Air            11%        ∞         100%        8
 Summon Horrible Things   Summ           2%         N/A       100%        8
 Chain Lightning          Conj/Air       13%        3d18      100%        9
 Death's Door             Necr           14%        N/A       100%        9
 Dragon's Call            Summ           2%         N/A       100%        9
 Polar Vortex             Ice            2%         N/A       100%        9


Dungeon Overview and Level Annotations

Branches:
Dungeon (15/15)            Temple (1/1) D:4            Lair (5/5) D:9
  Swamp (4/4) Lair:2        Snake (4/4) Lair:2        Slime (0/5) Lair:4
    Orc (2/2) D:9             Elf (3/3) Orc:2        Vaults (5/5) D:14
  Crypt (0/3) Vaults:3     Depths (4/4) D:15            Zot (5/5) Depths:4
 Bailey (visited)           IceCv (visited)

Altars:
Ashenzari
Cheibriados
Dithmenos
Elyvilon
Fedhas
Gozag
Hepliaklqana
Kikubaaqudgha
Makhleb
Nemelex Xobeh
Okawaru
Qazlal
Ru
Sif Muna
Trog
Uskayaw
Vehumet
Wu Jian
Xom
Yredelemnul
Zin
The Shining One
Lugonu

Shops:
D:11 *   D:12 *=[*   D:13 *   Orc:1 (   Orc:2 =(((*   Elf:2 *   Vaults:1 *
Vaults:2 (   Vaults:5 [   Depths:2 *

Portals:
Hell: Depths:1 Depths:2 Depths:4
Abyss: Lair:5 Depths:3 Depths:4
Pandemonium: Depths:1 Depths:2
Ziggurat: Depths:4

Annotations:
Swamp:3 Roxanne
Elf:2 3 runed translucent doors, exclusion: obsidian statue, Sirjeffry24's ghost, adept DsFi
Elf:3 ShinQuickMan's ghost, adept DECj
Depths:3 1 exclusion
Depths:4 exclusions: draconian stormcaller and 3 more exclusions
Zot:2 exclusion: downstairs


Innate Abilities, Weirdness & Mutations

You can wield a second weapon in your off-hand.
It takes a long time for you to wield or remove held weapons.
Your first few attacks do less damage.
You cannot equip rings or amulets.
You are partially covered in iridescent scales. (AC +2)
You have supernaturally acute eyesight. (SInv)
Your natural rate of healing is unusually fast.


Message History

You freeze the Orb Guardian.
You kill the Orb Guardian!
The Council accepts your kill.
No target in view!
(D) Dungeon (T) Temple (L) Lair (S) Swamp (P) Snake Pit (M) Slime Pits (O) Orcish Mines (E) Elven Halls (V) Vaults (C) Crypt (U) Depths (H) Hell (Z) Zot
Where to? (Tab/Enter - D:1 @ (x,y), ? - help)
A blizzard demon comes into view.
You see here a +0 robe.
You see here a +0 long sword {Marisol}.
You see here a +0 robe.
The blizzard demon waves its arms in wide circles.
The air twists around and strikes you.
There is a stone staircase leading up here.
The blizzard demon gestures at you.
You climb upwards.
There is a stone staircase leading down, spattered with blood here.
Things that are here:
a hobgoblin skeleton; a hobgoblin skeleton
(D) Dungeon (T) Temple (L) Lair (S) Swamp (P) Snake Pit (M) Slime Pits (O) Orcish Mines (E) Elven Halls (V) Vaults (C) Crypt (U) Depths (H) Hell (Z) Zot
Where to? (Tab/Enter - D:1 @ (x,y), ? - help)
You see here a hound skeleton.
There is a stone staircase leading up here.
You climb upwards.
There is a stone staircase leading down here.
There is a stone staircase leading up here.
You climb upwards.
There is a stone staircase leading down here.
There is a stone staircase leading up here.
You climb upwards.
There is a stone staircase leading down here.
You see here a hobgoblin skeleton.
There is an open door here.
There is a staircase leading out of the dungeon here.
You have escaped!

##.## #.# #.#. ##...###.# #.#.
##.....##.### #.#.
######...........# #.##
#....)......>#.#.# #...
#........############ ##.##
#......###P#P♣....'.###..#.
#.....##♣.#P♣..~~~#......#.
#......##♣@....ß~###.###.#.
#.....##♣.#P♣..~~~#..# #÷#.
#......###P#P♣....+.## #.#.
####.....############ #...
#.##### ##...## #..# ####.#
##.....## ##.# ####....##
##.......## ##...
#........####.........####...#
#.##........+.........'.......


There were no monsters in sight!

Vanquished Creatures
  6 dread liches
  Tiamat (Zot:5)
  4 orbs of fire
  An ancient lich (Zot:5)
  A juggernaut (Depths:3)
  Bai Suzhen (Swamp:3)
  Vashnia (Snake:3)
  4 Killer Klowns
  4 curse toes
  11 golden dragons
  A Tzitzimitl (Depths:4)
  A Brimstone Fiend (Zot:5)
  2 electric golems
  A Hell Sentinel (D:15)
  Jorgrun (D:13)
  14 tentacled monstrosities
  28 Orb Guardians
  8 liches
  A deep elf master archer (Elf:3)
  5 quicksilver dragons
  14 sphinxes
  5 titans
  2 deep elf blademasters (Elf:3)
  13 death cobs
  A walking divine tome (Depths:3)
  Gastronok (D:8)
  An ancient champion (Vaults:3)
  Kirke (Snake:1)
  2 Executioners
  10 shadow dragons
  11 tengu reavers
  Aizul (Elf:2)
  15 storm dragons
  11 fire giants
  7 protean progenitors
  6 nagarajas
  9 draconian monks
  3 fenstrider witches
  3 draconian knights
  4 draconian scorchers
  8 frost giants
  5 draconian shifters
  11 deep elf sorcerers
  Louise (Swamp:2)
  6 draconian stormcallers
  2 deep elf elementalists (Elf:3)
  3 ghost moths
  A cacodemon (Depths:2)
  The ghost of kairosrom117 the Arsonist, a journeyman DrFE of Vehumet (D:15)
  8 orc warlords
  12 vault wardens
  A balrug (Depths:1)
  4 draconian annihilators
  2 ghouls
  19 ironbound preservers
  18 very ugly things
  4 spriggan defenders
  3 broodmothers (Zot:2)
  13 green draconians
  11 ironbound thunderhulks
  11 stone giants
  8 deep elf death magi
  4 eleionomae
  8 deep elf demonologists
  4 vampire knights
  2 war gargoyles
  8 black draconians
  Azrael (D:13)
  10 yellow draconians
  8 deep elf annihilators
  13 white draconians
  14 spark wasps
  A minotaur (D:15)
  3 bunyips
  10 purple draconians
  21 red draconians
  10 dire elephants
  A merfolk impaler (Depths:2)
  13 ettins
  Snorg (Lair:4)
  A blizzard demon (Depths:1)
  12 fire dragons
  3 crystal guardians
  14 yaktaur captains
  4 deep elf high priests
  3 entropy weavers
  4 great orbs of eyes
  10 ice dragons
  A spriggan zombie (Depths:2)
  A hell beast (Depths:2)
  Erolcha (D:11)
  2 ogre magi
  Fannar (D:10)
  3 peacekeepers
  28 vault guards
  4 rakshasas
  3 salamander tyrants
  11 hydras
  7 boulder beetles
  3 spriggan air magi
  An anaconda (shapeshifter) (D:15)
  15 ironbound frosthearts
  A sphinx skeleton (Vaults:3)
  6 alligators
  33 dancing weapons
  3 anacondas
  9 centaur warriors
  A ghost crab (Swamp:4)
  2 two-headed ogres
  3 vampire magi
  A tengu warrior (D:15)
  5 deep troll earth magi
  5 deep troll shamans
  2 thrashing horrors (Lair:5)
  5 occultists
  5 spriggan berserkers
  Urug (D:13)
  12 shock serpents
  A shock serpent (shapeshifter) (Vaults:5)
  22 hell knights
  A demonic crawler (Depths:3)
  12 naga warriors
  13 naga sharpshooters
  4 soul eaters
  5 orc high priests (Orc:2)
  2 sun demons (Depths:3)
  A skyshark (Lair:5)
  17 deep elf knights
  2 sixfirhies
  4 iron trolls
  5 skeletal warriors (Vaults:3)
  A fire crab (Lair:2)
  A goliath frog (Swamp:4)
  3 salamander mystics
  5 glowing orange brains
  7 naga ritualists
  3 spriggan druids
  6 bog bodies
  A deep troll (shapeshifter) (Depths:2)
  4 swamp dragons (Swamp:4)
  9 arcanists
  13 deep elf archers
  8 mana vipers
  50 deep trolls
  A flayed ghost (Vaults:5)
  15 ironbound convokers
  A lindwurm (shapeshifter) (Vaults:4)
  21 lindwurms
  7 phantasmal warriors
  3 thermic dynamos
  30 deep elf pyromancers
  31 deep elf zephyrmancers
  Pikel (D:8)
  An orc sorcerer (Elf:2)
  3 harpies (Depths:2)
  12 necromancers
  A human zombie (Vaults:5)
  7 manticores
  7 will-o-the-wisps
  A tengu skeleton (Vaults:3)
  4 wolf spiders
  A shadow dragon skeleton (Vaults:3)
  31 orc knights
  4 cyclopes
  14 salamanders
  38 ugly things
  28 moths of wrath
  A meliai (shapeshifter) (D:14)
  A moth of wrath (shapeshifter) (Depths:3)
  10 vault sentinels
  17 elephants
  A torpor snail (Lair:4)
  37 black mambas
  3 ice statues (IceCv)
  An eye of devastation (shapeshifter) (Vaults:5)
  A fire giant skeleton (Depths:2)
  13 cane toads
  15 naga magi
  A black mamba (shapeshifter) (Elf:2)
  2 guardian serpents
  2 gargoyles
  6 smoke demons
  6 large abominations
  4 kobold demonologists
  4 orange demons
  2 unseen horrors (shapeshifter)
  5 rime drakes
  30 yaktaurs
  8 komodo dragons
  A yaktaur (shapeshifter) (Depths:3)
  A red devil (D:13)
  3 tengu conjurers
  An anaconda simulacrum (IceCv)
  4 freezing wraiths
  2 golden dragon simulacra (Depths:2)
  An efreet (D:14)
  8 trolls
  4 polar bears
  A bloated husk (Swamp:1)
  4 hellwings
  8 tyrant leeches
  A wind drake (shapeshifter) (Vaults:5)
  3 glass eyes
  18 hornets
  2 raiju (Lair:5)
  A glass eye (shapeshifter) (Vaults:5)
  41 blink frogs
  A snapping turtle (shapeshifter) (Vaults:5)
  15 dream sheep
  5 shadows
  26 slime creatures
  4 elf skeletons (Vaults:3)
  A jumping spider (Vaults:4)
  An ettin skeleton (Vaults:3)
  An elf zombie (Vaults:5)
  15 spriggans
  4 wraiths
  A vampire (D:12)
  A ynoxinul (D:13)
  2 wyverns
  47 yaks
  3 fire elementals
  3 humans (Zot:4)
  8 water elementals
  2 steam dragons
  5 basilisks
  6 wargs
  A redback (Vaults:4)
  A basilisk (shapeshifter) (D:14)
  2 chaos spawn
  14 vampire mosquitoes
  A death yak simulacrum (IceCv)
  42 nagas
  14 swamp worms
  3 acid dragons
  24 water moccasins
  5 hell hounds
  A water moccasin (shapeshifter) (Lair:5)
  2 human skeletons (Vaults:3)
  2 glowing shapeshifter skeletons
  43 orc warriors
  12 swamp drakes
  An ice beast (D:6)
  2 sky beasts
  A meliai simulacrum (D:15)
  A crocodile (shapeshifter) (Lair:5)
  12 small abominations (Lair:5)
  3 ogres
  4 boggarts
  24 wolves
  12 centaurs
  19 kobold brigands
  13 bullfrogs
  A gnoll sergeant (D:9)
  2 scorpions
  2 earth elementals
  6 wights
  9 killer bees
  6 howler monkeys
  4 electric eels
  A lava snake (Swamp:4)
  7 hounds
  3 jellies
  31 orc priests
  A bombardier beetle (D:5)
  A gnoll bouda (D:9)
  An iguana (D:6)
  21 orc wizards
  2 polar bear simulacra (IceCv)
  A wolf simulacrum (IceCv)
  6 adders
  7 gnolls
  A shadow imp (D:6)
  4 white imps
  4 dart slugs
  4 ribbon worms
  84 orcs
  7 bats
  7 endoplasms
  5 giant cockroaches
  13 hobgoblins
  7 jackals
  3 quokkas
  6 ball pythons
  2 frilled lizards
  6 goblins
  33 kobolds
  5 rats
  5 aspiring fleshes
2180 creatures vanquished.

Vanquished Creatures (collateral kills)
  A golden dragon (Zot:5)
  Frances (D:13)
  A tengu reaver (Depths:3)
  A vault warden (Vaults:3)
  A spark wasp (Depths:3)
  A yaktaur captain (Vaults:5)
  A hydra (Lair:2)
  Erica (Lair:1)
  3 deep trolls (Vaults:3)
  An orc knight (Vaults:2)
  A rime drake (Lair:2)
  A harpy simulacrum (IceCv)
  A wolf (Lair:4)
  An orc priest (Vaults:5)
16 creatures vanquished.

Vanquished Creatures (others)
  A fire giant (Depths:3)
  A hydra (Lair:2)
  3 dancing weapons (Elf:3)
  A deep elf knight (Elf:2)
  2 deep elf archers (Elf:3)
  2 swamp dragons (Swamp:4)
  2 deep elf zephyrmancers (Elf:3)
  A yaktaur (Vaults:5)
  3 bloated husks (Swamp:1)
  A spriggan (Swamp:4)
  A water elemental (Elf:2)
  7 humans (Snake:1)
  12 foxfires
37 creatures vanquished.

Grand Total: 2233 creatures vanquished

Notes
Turn   | Place    | Note
-------+----------+-------------------------------------------
     0 | D:1      | ragingrage the Coglin Wanderer began the quest for the Orb.
     0 | D:1      | ragingrage set off with the following items: a +2
                  | quarterstaff {Siegfried}, 10 poisoned darts, a +0 dagger
                  | {Fatehjeet}, a scroll of fear, a +0 robe; and the following
                  | spell memorised: Kiss of Death; and the following spells
                  | available to memorise: Mephitic Cloud.
     0 | D:1      | Reached XP level 1. HP: 13/13 MP: 2/2
   373 | D:1      | Reached XP level 2. HP: 20/20 MP: 3/3
   422 | D:1      | Reached skill level 1 in Fighting
   428 | D:1      | Reached skill level 1 in Stealth
   548 | D:1      | Reached XP level 3. HP: 22/26 MP: 4/4
   552 | D:1      | Learned a level 3 spell: Mephitic Cloud
  1197 | D:2      | Reached XP level 4. HP: 13/32 MP: 5/5
  1339 | D:2      | Reached skill level 1 in Alchemy
  1495 | D:2      | Reached skill level 1 in Air Magic
  1764 | D:2      | Found a faded altar of an unknown god.
  2072 | D:3      | You fall into a shaft and drop 3 floors!
  2161 | D:7      | Reached XP level 5. HP: 9/37 MP: 6/6
  2466 | D:5      | Entered Level 5 of the Dungeon
  2648 | D:6      | Noticed a sky beast
  2766 | D:5      | Reached XP level 6. HP: 6/43 MP: 7/7
  2981 | D:4      | Reached skill level 1 in Long Blades
  3171 | D:3      | Learned a level 2 spell: Blink
  3656 | D:4      | Found a staircase to the Ecumenical Temple.
  3695 | Temple   | Entered the Ecumenical Temple
  3706 | Temple   | Became a worshipper of the Wu Jian Council
  3803 | D:4      | Reached skill level 1 in Translocations
  4042 | D:4      | Found a broken altar of Ashenzari.
  4070 | D:4      | Reached XP level 7. HP: 48/48 MP: 8/8
  4659 | D:5      | Found a shadowy altar of Dithmenos.
  4661 | D:5      | Found an ancient bone altar of Kikubaaqudgha.
  4661 | D:5      | Found a snail-covered altar of Cheibriados.
  4661 | D:5      | Found a sparkling altar of Nemelex Xobeh.
  4661 | D:5      | Found an opulent altar of Gozag.
  4661 | D:5      | Found a hide-covered altar of Uskayaw.
  4663 | D:5      | Found a radiant altar of Vehumet.
  4663 | D:5      | Found a sacrificial altar of Ru.
  4663 | D:5      | Found a glowing golden altar of the Shining One.
  4665 | D:5      | Found a white marble altar of Elyvilon.
  4665 | D:5      | Found a blossoming altar of Fedhas.
  4665 | D:5      | Found a stormy altar of Qazlal.
  4775 | D:5      | Identified the +3 falchion of Spite {freeze, rF+ rN+ Int-5
                  | Stlth+}
  5036 | D:6      | Reached skill level 5 in Long Blades
  5098 | D:6      | Reached XP level 8. HP: 43/54 MP: 9/9
  6366 | D:8      | Noticed Pikel
  6387 | D:8      | Killed Pikel
  6388 | D:8      | Reached skill level 1 in Dodging
  6388 | D:8      | Reached XP level 9. HP: 61/61 MP: 10/10
  6620 | D:8      | Reached * piety under Wu Jian
  6805 | D:8      | Noticed a hornet
  7016 | D:8      | Reached skill level 5 in Evocations
  7158 | D:8      | Noticed a two-headed ogre
  7168 | D:8      | Killed a two-headed ogre
  7169 | D:8      | Reached skill level 10 in Long Blades
  7169 | D:8      | Reached XP level 10. HP: 30/71 MP: 11/11
  7410 | D:8      | Noticed Gastronok
  7498 | D:8      | Found a shimmering blue altar of Sif Muna.
  7531 | D:8      | Noticed a kobold demonologist
  7545 | D:8      | Killed a kobold demonologist
  8415 | D:8      | Killed Gastronok
  8722 | D:9      | Found a staircase to the Lair.
  8743 | D:8      | Reached skill level 5 in Fighting
  8950 | D:9      | Noticed an elephant
  9106 | D:9      | Reached XP level 11. HP: 76/79 MP: 12/12
  9134 | D:9      | Reached ** piety under Wu Jian
 10674 | D:9      | Reached *** piety under Wu Jian
 11056 | D:9      | Found a staircase to the Orcish Mines.
 11173 | D:10     | Entered Level 10 of the Dungeon
 11202 | D:10     | Found a hazy altar of Hepliaklqana.
 11351 | D:10     | Noticed Sonja
 11352 | D:10     | Sonja changed into Sonja the entropy weaver
 11352 | D:10     | Noticed Sonja
 11361 | D:10     | Killed Sonja the entropy weaver
 11427 | D:10     | Found a flagged portal.
 11498 | Bailey   | Entered a bailey
 11680 | Bailey   | Reached **** piety under Wu Jian
 11772 | Bailey   | Found an iron altar of Okawaru.
 12117 | D:10     | Noticed Fannar
 12211 | D:11     | Noticed a boulder beetle
 12907 | D:10     | Killed Fannar
 13129 | D:10     | Killed a boulder beetle
 13130 | D:10     | Reached XP level 12. HP: 72/86 MP: 13/13
 13263 | Lair:1   | Entered Level 1 of the Lair of Beasts
 13599 | Lair:1   | Reached skill level 5 in Dodging
 14506 | Lair:1   | Reached skill level 10 in Evocations
 14793 | Lair:1   | Identified the +1 leather armour of Etzaigg {-Cast rElec
                  | Will+}
 14905 | Lair:1   | Noticed Erica
 14923 | Lair:1   | Killed Erica
 15199 | Lair:1   | Reached skill level 5 in Throwing
 15836 | Lair:2   | Reached XP level 13. HP: 84/97 MP: 14/14
 16412 | Lair:2   | Found a staircase to the Snake Pit.
 16577 | Lair:2   | Reached ***** piety under Wu Jian
 16592 | Lair:2   | Reached skill level 1 in Short Blades
 16716 | Lair:2   | Paralysed by a hornet for 1 turns
 17999 | Lair:3   | Found a frozen archway.
 18008 | IceCv    | Entered an ice cave
 18959 | IceCv    | Got Selugg's Secrets of Chilblains
 19656 | Lair:4   | Reached XP level 14. HP: 109/109 MP: 15/15
 19694 | Lair:4   | Noticed Nessos
 19861 | Lair:4   | Reached skill level 10 in Fighting
 19938 | Lair:4   | Nessos changed into Nessos the lindwurm
 19938 | Lair:4   | Noticed Nessos
 19949 | Lair:4   | Killed Nessos the lindwurm
 19975 | Lair:4   | Found a staircase to the Slime Pits.
 20609 | Lair:4   | Reached skill level 10 in Dodging
 20763 | Lair:4   | Noticed Snorg
 20885 | Lair:4   | Killed Snorg
 20885 | Lair:4   | Reached ****** piety under Wu Jian
 21144 | Lair:5   | Entered Level 5 of the Lair of Beasts
 21232 | Lair:5   | Identified the +8 ring mail of the Breathing Gods {rC+
                  | Will+}
 23016 | D:11     | Noticed Erolcha
 23071 | D:11     | Found Zuoqof Beol's Assorted Antiques.
 23078 | D:11     | Bought a scroll labelled TIGOXO LEFIOFOPS for 25 gold
                  | pieces
 23078 | D:11     | Bought a clear potion for 22 gold pieces
 23675 | Orc:1    | Entered Level 1 of the Orcish Mines
 23995 | Orc:1    | Found Giff's Weapon Boutique.
 24303 | Orc:2    | Entered Level 2 of the Orcish Mines
 24312 | Orc:2    | Found Podghuevu's Gadget Gallery.
 24406 | Orc:2    | Bought a phial of floods for 560 gold pieces
 24406 | Orc:2    | Bought a lightning rod (4/4) for 560 gold pieces
 24432 | Orc:2    | Found a staircase to the Elven Halls.
 24741 | Orc:2    | Reached XP level 15. HP: 120/120 MP: 16/16
 25358 | Orc:2    | Reached skill level 1 in Armour
 25983 | Orc:2    | Found Foipule's Antique Weapon Shop.
 25986 | Orc:2    | Found Zelymar's Jewellery Shop.
 25987 | Orc:2    | Found Ylua's Weapon Shop.
 25988 | Orc:2    | Found Mepn's Antique Weapon Boutique.
 26236 | D:12     | Found Laxiajio's General Store.
 26244 | D:12     | Acquired a megadynamo Mk.2 {rF+ Will+ Regen+ RegenMP+}
 26256 | D:12     | Found Talel's Antique Armour Shop.
 26309 | D:12     | Found Xaetuw's General Store.
 26344 | D:12     | Identified the +8 chain mail of Ignis's Pride {rN+ Str+5
                  | Int-2}
 26397 | D:12     | Found a flickering gateway to a bazaar.
 26427 | Bazaar   | Entered a bazaar
 26431 | Bazaar   | Found Veidghy's Antique Weapon Boutique.
 26448 | Bazaar   | Found Vynuas's Armour Shoppe.
 26513 | Bazaar   | Found Loshut's Jewellery Boutique.
 26527 | Bazaar   | Found Viso's Magic Scroll Emporium.
 26535 | Bazaar   | Bought a scroll of immolation for 40 gold pieces
 26535 | Bazaar   | Bought a scroll of brand weapon for 95 gold pieces
 26535 | Bazaar   | Bought a scroll of enchant weapon for 75 gold pieces
 26535 | Bazaar   | Bought a scroll of identify for 20 gold pieces
 26535 | Bazaar   | Bought a scroll of identify for 20 gold pieces
 26535 | Bazaar   | Bought a scroll of identify for 20 gold pieces
 26580 | Bazaar   | Bought a granite talisman for 540 gold pieces
 26648 | D:12     | Found Oxzuc's Jewellery Boutique.
 27142 | D:13     | Noticed Urug
 27150 | D:13     | Killed Urug
 27247 | D:13     | Noticed Frances
 27972 | D:14     | Found a gate to the Vaults.
 28156 | D:13     | Killed Frances
 28170 | D:13     | Noticed Jorgrun
 28178 | D:13     | Killed Jorgrun
 28543 | D:13     | Noticed Azrael
 28548 | D:13     | Killed Azrael
 28631 | D:13     | Found Lyheyzej's Mass Market.
 28904 | D:15     | Entered Level 15 of the Dungeon
 28928 | D:15     | Reached XP level 16. HP: 91/130 MP: 17/17
 28993 | D:15     | Reached skill level 15 in Evocations
 28998 | D:15     | Reached skill level 5 in Armour
 29140 | D:15     | Noticed kairosrom117's ghost (journeyman DrFE)
 29175 | D:15     | Found a runed translucent gate.
 29175 | D:15     | Found a runed translucent gate.
 29175 | D:15     | Found a runed translucent gate.
 29680 | D:15     | Found a staircase to the Depths.
 29821 | D:15     | Identified the +10 hand axe of the Unliving {antimagic,
                  | rElec}
 30165 | Lair:2   | Found a staircase to the Swamp.
 30304 | Swamp:1  | Entered Level 1 of the Swamp
 30880 | Swamp:1  | Noticed a tentacled monstrosity
 30898 | Swamp:1  | Killed a tentacled monstrosity
 30908 | Swamp:1  | Identified the +2 cloak "Olelam" {Rampage rPois rC- Will++}
 31211 | Swamp:1  | Learned a level 5 spell: Irradiate
 31227 | Swamp:2  | Noticed Louise
 31355 | Swamp:2  | Noticed a fenstrider witch
 31360 | Swamp:2  | Killed a fenstrider witch
 31609 | Swamp:2  | Killed Louise
 32146 | Swamp:3  | Noticed Roxanne
 32222 | Swamp:3  | Noticed Bai Suzhen
 32237 | Swamp:3  | Killed Bai Suzhen
 32432 | Swamp:4  | Entered Level 4 of the Swamp
 32451 | Swamp:4  | Reached skill level 5 in Translocations
 32576 | Swamp:4  | Noticed a fenstrider witch
 32582 | Swamp:4  | Killed a fenstrider witch
 32707 | Swamp:4  | Reached XP level 17. HP: 106/139 MP: 18/18
 33631 | Swamp:4  | Got a decaying rune of Zot
 33862 | Snake:1  | Entered Level 1 of the Snake Pit
 33864 | Snake:1  | Identified the +10 whip "Gerez" {speed, Will++ Str-4 Int+2}
 33980 | Snake:1  | Reached skill level 15 in Fighting
 34224 | Snake:1  | Noticed Kirke
 34235 | Snake:1  | Killed Kirke
 34713 | Snake:2  | Identified a scroll of acquirement
 35259 | Snake:3  | Noticed Vashnia
 35405 | Snake:3  | Killed Vashnia
 35575 | Snake:3  | Identified the +6 shortbow "Getweqog" {antimagic, rF- Int+3
                  | Dex+3 Stlth+}
 35829 | Snake:3  | Reached XP level 18. HP: 143/151 MP: 19/19
 36176 | Snake:3  | Reached skill level 15 in Long Blades
 36415 | Snake:4  | Entered Level 4 of the Snake Pit
 36880 | Snake:4  | Found an iron altar of Okawaru.
 37038 | Snake:4  | Got a serpentine rune of Zot
 37357 | Elf:1    | Entered Level 1 of the Elven Halls
 37395 | Elf:1    | Noticed a Tzitzimitl
 37765 | Elf:1    | Reached XP level 19. HP: 125/157 MP: 23/23
 37893 | Elf:1    | Got Syboapp's Papyrus of Command
 38397 | Elf:2    | Reached skill level 5 in Alchemy
 38850 | Elf:2    | Reached skill level 5 in Conjurations
 38929 | Elf:2    | Found a runed translucent gate.
 38929 | Elf:2    | Found a runed translucent gate.
 38929 | Elf:2    | Found a runed translucent gate.
 39027 | Elf:2    | Found a runed translucent gate.
 39027 | Elf:2    | Found a runed translucent gate.
 39028 | Elf:2    | Found a runed translucent gate.
 39029 | Elf:2    | Found an opulent altar of Gozag.
 39031 | Elf:2    | Found Egea's Assorted Antiques.
 39031 | Elf:2    | Noticed Sirjeffry24's ghost (adept DsFi)
 39282 | Elf:3    | Entered Level 3 of the Elven Halls
 40586 | Elf:3    | Identified the +2 ring mail "Likouv" {rF- Int+2 Dex+3}
 40616 | Elf:3    | Acquired the scarf of Dader {repulsion, -Cast Fly rF++
                  | Slay+2}
 40665 | Elf:3    | Noticed ShinQuickMan's ghost (adept DECj)
 40703 | Elf:3    | Found a transporter.
 40996 | Elf:3    | Found a transporter.
 41126 | Elf:3    | Identified the +0 scale mail of Philately {Harm rElec rF+
                  | rC++}
 41346 | Elf:3    | Identified the +4 whip "Geseseur" {pain, rN+}
 42589 | Elf:3    | Identified the staff "Ylaneets" {rC++ rCorr Str-3 Tloc
                  | Earth}
 42615 | Elf:3    | Identified the +0 pair of boots of the Catamount {Dex+3}
 42661 | Elf:3    | Got the Exposition on Gases
 42663 | Elf:3    | Identified the +1 whip of Jojen {pain, Dex+2}
 42946 | Vaults:1 | Entered Level 1 of the Vaults
 42963 | Vaults:1 | Reached XP level 20. HP: 162/163 MP: 26/26
 43014 | Vaults:1 | Reached skill level 15 in Dodging
 43529 | Vaults:1 | Learned a level 3 spell: Fugue of the Fallen
 43751 | Vaults:1 | Found Otses's General Store.
 43759 | Vaults:1 | Bought a phantom mirror for 680 gold pieces
 44317 | Vaults:1 | You fall into a shaft and drop 1 floor!
 45450 | Vaults:2 | Found Sigraidaux's Antique Weapon Shop.
 45884 | Vaults:2 | Noticed a dread lich
 45897 | Vaults:2 | Killed a dread lich
 45906 | Vaults:2 | Reached skill level 10 in Alchemy
 45906 | Vaults:2 | Reached XP level 21. HP: 153/175 MP: 27/27
 45915 | Vaults:2 | Got the Discursus on Skeletons
 45918 | Vaults:2 | Got Sif Muna's Cyclopedia of the Sizzling Faeries
 46229 | Vaults:3 | Reached skill level 10 in Armour
 46486 | Vaults:3 | Found a staircase to the Crypt.
 47652 | Vaults:3 | Reached skill level 5 in Spellcasting
 48201 | Vaults:4 | Reached skill level 1 in Necromancy
 48762 | Vaults:4 | Reached XP level 22. HP: 184/184 MP: 29/29
 48885 | Vaults:4 | Reached skill level 5 in Necromancy
 49481 | Depths:1 | Entered Level 1 of the Depths
 49783 | Depths:1 | Found a gateway to Hell.
 50514 | Depths:1 | You fall into a shaft and drop 1 floor!
 50665 | Depths:2 | Found a one-way gate leading to the halls of Pandemonium.
 51291 | Depths:1 | Found a corrupted altar of Lugonu.
 51823 | Depths:2 | Found Muisk's Elemental Accessories.
 51836 | Depths:2 | Learned a level 4 spell: Vhi's Electric Charge
 52116 | Depths:2 | Reached XP level 23. HP: 190/190 MP: 30/30
 52291 | Depths:3 | Found an ancient bone altar of Kikubaaqudgha.
 52919 | Depths:4 | Entered Level 4 of the Depths
 52923 | Depths:4 | Found a bloodstained altar of Trog.
 53030 | Depths:3 | Learned a level 4 spell: Passage of Golubria
 53034 | Depths:3 | Learned a level 3 spell: Passwall
 53204 | Depths:3 | Found a one-way gate to the infinite horrors of the Abyss.
 53250 | Depths:3 | Reached skill level 1 in Earth Magic
 53646 | Depths:3 | Noticed a golden dragon
 53655 | Depths:3 | Killed a golden dragon
 53706 | Depths:3 | Reached skill level 5 in Air Magic
 53863 | Depths:3 | Noticed a juggernaut
 53872 | Depths:3 | Killed a juggernaut
 53887 | Depths:3 | Noticed a caustic shrike
 53922 | Depths:3 | Noticed a caustic shrike
 53923 | Depths:3 | Noticed a caustic shrike
 54291 | Vaults:5 | Entered Level 5 of the Vaults
 55063 | Vaults:5 | Reached XP level 24. HP: 194/197 MP: 33/33
 55227 | Vaults:5 | Reached skill level 5 in Earth Magic
 55232 | Vaults:5 | Got the Volume of Hyletic Frostbite
 55235 | Vaults:5 | Identified the staff of Cosulli {rC+ Int+4 SInv Ice}
 55257 | Vaults:5 | Identified the +1 leather armour of the Ecumenical Temple
                  | {rC+}
 56496 | Vaults:5 | Identified the maw talisman of Gein {rC+ rCorr Dex+4}
 56502 | Vaults:5 | Identified the ring "Zofaunue" {rF+ AC+4}
 56830 | Vaults:5 | Found Focsal's Armour Shop.
 56843 | Vaults:5 | Identified the +1 long sword of the Conjuring Firefly
                  | {drain, rF++ rN+}
 56864 | Vaults:5 | Got a silver rune of Zot
 57820 | Depths:4 | Found a one-way gateway to a ziggurat.
 57919 | Depths:4 | Found a gate to the Realm of Zot.
 58539 | Elf:3    | Reached skill level 10 in Translocations
 58723 | Elf:2    | Identified the serpent talisman of the Spider Nest {rC+
                  | rCorr Int+4}
 58723 | Elf:2    | Noticed Aizul
 58727 | Elf:2    | Killed Aizul
 58751 | Elf:2    | Reached XP level 25. HP: 207/207 MP: 33/33
 59505 | D:11     | Killed Erolcha
 59667 | D:15     | Killed kairosrom117's ghost
 60067 | Lair:5   | Found a corrupted altar of Lugonu.
 60072 | Lair:5   | Reached skill level 5 in Stealth
 61940 | Zot:1    | Entered Level 1 of the Realm of Zot
 62501 | Zot:1    | Acquired the +10 double sword "Zuruudd" {drain, rC++ Str+2
                  | Dex+3 Stlth-}
 62603 | Zot:1    | Identified the +4 scale mail of Puligab {rC+ Str+6}
 63232 | Zot:2    | Reached skill level 10 in Stealth
 64180 | Zot:2    | Identified the staff of the Unspeakable One {rElec Str+3
                  | Air}
 64486 | Zot:3    | Noticed a Killer Klown
 64492 | Zot:3    | Reached XP level 26. HP: 196/218 MP: 33/33
 64495 | Zot:3    | Killed a Killer Klown
 64676 | Zot:3    | Noticed a Killer Klown
 64902 | Zot:3    | Killed a Killer Klown
 66334 | Zot:3    | Noticed an orb of fire
 66337 | Zot:3    | Gained mutation: You sometimes lose your temper in combat.
                  | [an orb of fire]
 66344 | Zot:3    | Killed an orb of fire
 66807 | Zot:5    | Entered Level 5 of the Realm of Zot
 68903 | Zot:5    | Noticed a Killer Klown
 69008 | Zot:5    | Noticed a dread lich
 69020 | Zot:5    | Killed a dread lich
 69338 | Zot:5    | Noticed a Killer Klown
 69346 | Zot:5    | Killed a Killer Klown
 70021 | Zot:5    | Noticed a dread lich
 70028 | Zot:5    | Killed a Killer Klown
 70029 | Zot:5    | Reached XP level 27. HP: 224/224 MP: 33/33
 70031 | Zot:5    | Killed a dread lich
 70200 | Zot:5    | Noticed an orb of fire
 70207 | Zot:5    | Gained mutation: You are clumsy. (Dex -2) [an orb of fire]
 70217 | Zot:5    | Killed an orb of fire
 70528 | Zot:5    | Noticed a dread lich
 70699 | Zot:5    | Killed a dread lich
 70868 | Zot:5    | Lost mutation: You are clumsy. (Dex -2) [potion of
                  | mutation]
 70868 | Zot:5    | Lost mutation: You sometimes lose your temper in combat.
                  | [potion of mutation]
 70868 | Zot:5    | Gained mutation: Your magical capacity is low. (-10% MP)
                  | [potion of mutation]
 71024 | Zot:5    | Noticed a dread lich
 71031 | Zot:5    | Killed a dread lich
 71067 | Zot:5    | Noticed a dread lich
 71073 | Zot:5    | Killed a dread lich
 71087 | Zot:5    | Found the +4 dragonskin cloak {Aegis}
 71087 | Zot:5    | Noticed Tiamat
 71173 | Zot:5    | Killed Tiamat
 71197 | Zot:5    | Noticed an orb of fire
 71208 | Zot:5    | Killed an orb of fire
 71210 | Zot:5    | Noticed an ancient lich
 71210 | Zot:5    | Noticed an orb of fire
 71212 | Zot:5    | Killed an orb of fire
 71214 | Zot:5    | Killed an ancient lich
 71346 | Zot:5    | Got the Orb of Zot
 71547 | Depths:4 | Noticed a seraph
 71643 | Depths:2 | Gained mutation: You sometimes lose your temper in combat.
                  | [a cacodemon]
 71800 | D:12     | Lost mutation: You sometimes lose your temper in combat.
                  | [potion of mutation]
 71800 | D:12     | Lost mutation: Your magical capacity is low. (-10% MP)
                  | [potion of mutation]
 71800 | D:12     | Gained mutation: You have supernaturally acute eyesight.
                  | (SInv) [potion of mutation]
 71800 | D:12     | Gained mutation: Your natural rate of healing is unusually
                  | fast. [potion of mutation]
 71800 | D:12     | Gained mutation: You are partially covered in iridescent
                  | scales. (AC +2) [potion of mutation]
 72068 | D:$      | Escaped with the Orb!

Illustrated notes

Levels and vault maps discovered:
D:1:      tarquinn_simple_flora_water_d, layout_loops_corners, roderic_lattice_a
D:2:      layout_loops_ring, dilly_ecumenical_altar_fadedgnrine
D:3:      layout_rooms
D:4:      layout_loops_ring, ashenzari_conservatory_becter, temple_fountains
D:5:      layout_cave_pods, nicolae_overflows_in_rows
D:6:      layout_rooms, amcnicky_mini_pool_small
D:7:      layout_loops_cross, chequers_garden
D:8:      layout_basic, mainiacjoe_overflow_alcove_2, special_room
          [special_room_kobold], nicolae_underground_beach, uniq_gastronok,
          uniq_pikel
D:9:      layout_stronghold, david_lair_generic, erik_orc_2, nicolae_titane
D:10:     layout_basic, mainiacjoe_overflow_brackets, enter_bailey_3,
          uniq_sonja, uniq_fannar
D:11:     layout_rooms, serial_shops, shop, minmay_starry_boxes, uniq_erolcha
D:12:     layout_roguey, serial_shops, bzr_entry_road, shop,
          nicolae_shop_tiny_waterfront, shop, nicolae_stop_n_shop_2
D:13:     layout_gridville, serial_demonic, serial_demonic_a, serial_demonic_g,
          serial_demonic_e, serial_demonic_c, serial_demonic_e,
          serial_demonic_g, serial_demonic_e, minmay_shop_mass, uniq_urug,
          uniq_azrael, uniq_frances, uniq_jorgrun
D:14:     layout_basic, david_vaults_4, minivault_14
D:15:     grunt_enter_depths_hoard, layout_gridville,
          maelrawn_ghost_gauntlet_escape, minivault_25
Temple:   hellmonk_temple_of_storms
Lair:1:   layout_cave_pods, uniq_erica
Lair:2:   layout_regular_city, nicolae_swamp_entry_splash_gauntlet,
          minmay_snake_entry_six_corridors, nicolae_lair_lakeside_cave
Lair:3:   layout_cave_pods, portal_ice_cave_entry_pillars_1, grunt_megastairs_2,
          infiniplex_staircase_pool
Lair:4:   layout_roguey, minmay_slime_entry_pillars, serial_bayou_shore_a,
          lemuel_fruit_tree, uniq_snorg, uniq_nessos
Lair:5:   hellmonk_lair_end_abyssal_woods, layout_layer_cave
Swamp:1:  cheibrodos_swamp_monstrosity, layout_basic_swamp,
          nicolae_swamp_feature_on_the_river_bank, swamp_pool_5,
          nicolae_swamp_super_fun_site
Swamp:2:  layout_falls_marsh, nicolae_swamp_little_swirl, uniq_louise
Swamp:3:  layout_basic_swamp, evilmike_swamp_ruin_house_5, uniq_bai_suzhen,
          uniq_roxanne
Swamp:4:  swamp_fiery, layout_basic_swamp
Snake:1:  layout_misc_corridors, uniq_kirke
Snake:2:  layout_onion, drop_trap
Snake:3:  layout_cave_town, uniq_vashnia
Snake:4:  minmay_snake_end_coiled, layout_rooms, basic_altar
Orc:1:    layout_caves, serial_shops, shop
Orc:2:    st_orc_pillars, layout_caves, nicolae_shop_gadgets
Elf:1:    elf_arrival_001, layout_onion_city, minmay_elf_demonology
Elf:2:    elven_hall_of_blades_hangedman_original
          [nicolae_blade_entry_sentries_behind_glass], layout_geoelf_octagon,
          ebering_ghost_gozag, serial_glass, glass_columns_a, glass_columns_a,
          uniq_aizul
Elf:3:    minmay_elf_hall_dome, layout_loops_cross, gammafunk_ghost_arena,
          nicolae_wwwww
Vaults:1: v_pattern_4, v_misc_5, nicolae_vaults_trapezoid_lopsided_1,
          nicolae_vaults_door_testing_chamber,
          vaults_standard_mumra_enter_the_diamond, v_misc_30,
          nicolae_vaults_specimen_jars, nicolae_vaults_six-pack,
          nicolae_vaults_trapezoid_lopsided_1, layout_vaults_quadrants,
          serial_shops, shop
Vaults:2: serial_library_regret_index_headful, v_pattern_5,
          nicolae_vaults_little_squares_1, ontoclasm_vaults_spin,
          nicolae_vaults_storage_closets_3, dpeg_vaults_monster_row,
          hangedman_vaults_cutoff, ontoclasm_vaults_misaligned,
          hangedman_vaults_river_flow, nicolae_vaults_little_squares_4,
          v_misc_19, layout_vaults_omnibox, serial_shops, shop
Vaults:3: v_rooms_4, nicolae_vaults_mitosis, v_misc_31,
          minmay_crypt_entry_skeletal_spiral, v_misc_26,
          dpeg_vaults_monster_row, v_misc_2, nicolae_vaults_diamond_2,
          ontoclasm_vaults_decontamination, nicolae_vaults_little_squares_4,
          vaults_room_pool, v_misc_8, nicolae_vaults_security_offices_1,
          layout_vaults_ring
Vaults:4: ontoclasm_vaults_loading_screen, nicolae_vaults_storage_closets_2,
          lightli_orcish_oven, nicolae_vaults_disappearing_quadrants,
          nicolae_vaults_cornered_office, v_misc_29, v_alt_pattern_2,
          nicolae_vaults_double_plus_1, vaults_standard_mumra_enter_the_diamond,
          nicolae_vaults_diamond_1, nicolae_vaults_little_squares_2,
          ontoclasm_vaults_shuriken, nicolae_vaults_tetromino_Z_1,
          layout_vaults_maze
Vaults:5
Depths:1: minmay_bubble_buster, layout_basic, hell_entry,
          rand_demon_pan_entry_4, nicolae_hexahallways, tgw_lugonu_bribe
Depths:2: grunt_twist_and_shout, layout_basic, pan_entry, hell_entry,
          kennysheep_pointless_box, special_room [special_room_mythical_zoo],
          nicolae_elemental_shop, minmay_misc_feat_nine_boxes,
          infiniplex_staircase_zigzag_5
Depths:3: grunt_bent_corner, layout_gridlike, hellmouth_1, abyss_entry_crystal,
          kiku_gazebo_pond_becter
Depths:4: evilmike_zot_entry_argh, layout_gridlike, enter_ziggurat_e,
          hell_entry, bloody_trog, nicolae_abyss_entry_one_way_or_another
Zot:1:    layout_gridlike, regret_index_zotdec_misc_clamp, st_stairs_10
Zot:2:    layout_misc_corridors, regret_index_zotdec_ex
Zot:3:    layout_cathedral_of_symmetry
Zot:4:    layout_basic, skrybe_zot_glass_3, lemuel_flame_loot_1
Zot:5:    layout_basic, st_stairs_5, uniq_tiamat

Skill      XL: |  1  2  3  4  5  6  7  8  9 10 11 12 13 14 15 16 17 18 19 20 21 22 23 24 25 26 27 |
---------------+----------------------------------------------------------------------------------+-----
Staves         | 4 |  4.0
Fighting       | 1 2 4 5 7 9 11 13 14 16 17 18 19 20 21 | 21.5
Stealth        | 1 2 3 4 12 | 12.0
Alchemy        | 1 2 4 7 10 11 12 13 | 13.0
Air Magic      | 1 2 5 6 |  6.0
Conjurations   | 2 4 6 8 9 |  9.0
Long Blades    | 2 5 8 10 12 14 15 17 21 | 21.9
Translocations | 1 3 5 6 7 8 10 11 | 11.0
Dodging        | 1 2 3 4 6 8 11 12 14 15 18 19 20 21 | 21.2
Evocations     | 3 5 6 8 10 13 14 16 18 20 | 20.0
Throwing       | 2 5 6 |  6.0
Short Blades   | 1 |  1.9
Armour         | 4 5 7 9 11 | 11.0
Spellcasting   | 3 4 5 7 |  7.0
Necromancy     | 4 6 8 |  8.1
Earth Magic    | 4 6 |  6.0
Invocations    | |  1.0

Action                     |  1- 3 |  4- 6 |  7- 9 | 10-12 | 13-15 | 16-18 | 19-21 | 22-24 | 25-27 || total
---------------------------+-------+-------+-------+-------+-------+-------+-------+-------+-------++-------
  Melee: Quarterstaff      |    88 |    76 |       |       |       |       |       |       |       ||   164
         Long sword        |       |    46 |   172 |   840 |   220 |       |       |       |       ||  1278
         Dagger            |       |    41 |    12 |       |       |       |       |       |       ||    53
         Scimitar          |       |       |       |    37 |   993 |   985 |   275 |       |       ||  2290
         Demon blade       |       |       |       |       |   774 |  1005 |  1983 |  2796 |  1266 ||  7824
         Double sword      |       |       |       |       |       |       |       |       |   755 ||   755
  Throw: Dart              |       |     4 |    15 |    74 |    50 |    15 |     1 |     5 |    14 ||   178
         Boomerang         |       |       |       |       |    21 |     4 |       |       |       ||    25
   Cast: Fugue of the Fall |       |       |       |       |       |       |       |     8 |    11 ||    19
         Irradiate         |       |       |       |       |       |       |       |     2 |     3 ||     5
         Passwall          |       |       |       |       |       |       |       |       |     2 ||     2
 Invoke: Heavenly Storm    |       |       |       |       |       |     1 |       |     1 |     2 ||     4
Ability: Lunge             |       |     3 |    14 |    48 |   112 |   115 |   125 |   139 |   113 ||   669
         Whirlwind         |       |       |     1 |    44 |    91 |   181 |    72 |    78 |   118 ||   585
         Invent Gizmo      |       |       |       |       |     1 |       |       |       |       ||     1
  Evoke: Wand              |       |       |     1 |     7 |     8 |     3 |     2 |     8 |     4 ||    33
         Sack of spiders   |       |       |       |     1 |     4 |     2 |     3 |     2 |     1 ||    13
         Phial of floods   |       |       |       |       |     1 |       |       |       |       ||     1
         Tin of tremorston |       |       |       |       |       |       |     2 |     4 |     3 ||     9
    Use: Scroll            |     1 |     2 |    10 |     1 |    21 |     3 |     7 |     8 |    12 ||    65
         Potion            |       |     2 |     3 |       |     2 |       |       |     3 |     6 ||    16
   Stab: Sleeping          |     3 |     9 |     2 |     2 |     6 |    14 |    19 |     9 |     8 ||    72
         Distracted        |       |       |       |       |     5 |     1 |     9 |    11 |    10 ||    36
         Held in net/web   |       |       |       |       |     1 |     1 |     4 |       |       ||     6
         Confused          |       |       |       |       |     2 |       |     1 |       |       ||     3
 Armour: Robe              |    58 |    62 |       |     3 |   246 |       |       |       |       ||   369
         Ring mail         |       |     8 |    55 |       |   177 |   622 |   591 |   679 |   438 ||  2570
         Skin              |       |       |     6 |       |    34 |       |       |       |       ||    40
         Acid dragon scale |       |       |     2 |   253 |    31 |       |       |       |       ||   286
  Dodge: Dodged            |    51 |    60 |    32 |   159 |   540 |   566 |   644 |   786 |   694 ||  3532

Table legend: (Time is in decaauts)
 A = Elapsed time spent in this place.
 B = Non-inter-level travel time spent in this place.
 C = Inter-level travel time spent in this place.
 D = Time resting spent in this place.
 E = Time spent auto-exploring this place.
 F = Levels seen in this place.
 G = Mean time per level.
                   A        B        C        D        E       F      G
               +--------+--------+--------+--------+--------+-----+--------+
         Total |  70956 |  64116 |   6840 |  17419 |  32866 |  51 | 1391.3 |
       Dungeon |  19683 |  16625 |   3058 |   3454 |   9618 |  15 | 1312.2 |
        Temple |     22 |      2 |     20 |      0 |      0 |   1 |   22.0 |
          Lair |   9378 |   8591 |    787 |   1693 |   4914 |   5 | 1875.6 |
         Swamp |   3611 |   3472 |    139 |    840 |   1770 |   4 |  902.8 |
     Snake Pit |   3293 |   3101 |    192 |    478 |   1949 |   4 |  823.2 |
  Orcish Mines |   2395 |   2156 |    239 |    594 |    997 |   2 | 1197.5 |
   Elven Halls |   5733 |   5066 |    667 |   1811 |   2339 |   3 | 1911.0 |
        Vaults |   9007 |   8236 |    771 |   1589 |   4709 |   5 | 1801.4 |
        Depths |   6668 |   6000 |    668 |   1346 |   3383 |   4 | 1667.0 |
           Zot |   9541 |   9245 |    296 |   4596 |   2985 |   5 | 1908.2 |
        Bazaar |    173 |    173 |      0 |      0 |    102 |   1 |  173.0 |
        Bailey |    465 |    465 |      0 |    236 |     85 |   1 |  465.0 |
      Ice Cave |    982 |    982 |      0 |    779 |     12 |   1 |  982.0 |
               +--------+--------+--------+--------+--------+-----+--------+

Top non-repeatable levels by time:
   Zot:5: 3613 daAuts
     D:9: 3038 daAuts
   Elf:3: 3009 daAuts
  Lair:2: 2508 daAuts
Vaults:5: 2491 daAuts
     D:8: 2264 daAuts
  Lair:1: 2249 daAuts
Vaults:1: 2036 daAuts
Depths:3: 2033 daAuts
Vaults:3: 1890 daAuts
    D:10: 1865 daAuts
  Lair:5: 1809 daAuts
   Zot:3: 1763 daAuts
Depths:4: 1747 daAuts
   Zot:1: 1574 daAuts
